 Dungeon Crawl Stone Soup version 0.27-a0-463-gec7707c53d (webtiles) character file.

Game seed: 13724899938661752307

11049 porpoise the Cleaver (level 11, -9/97 HPs)
             Began as a Hill Orc Fighter on Mar 1, 2021.
             Was an Elder of Qazlal.
             Mangled by an 18-headed hydra (11 damage)
             ... on level 11 of the Dungeon.
             The game lasted 00:37:27 (12658 turns).

porpoise the Cleaver (Hill Orc Fighter)            Turns: 12658, Time: 00:37:30

Health: -9/97      AC: 15    Str: 23    XL:     11   Next: 71%
Magic:  18/18      EV:  7    Int:  8    God:    Qazlal [****..]
Gold:   2138       SH: 17    Dex: 10    Spells: 10/10 levels left

rFire    + . .     SeeInvis .   b - +1 hunting sling
rCold    . . .     Faith    .   c - +0 kite shield
rNeg     . . .     Spirit   .   T - +0 plate armour {rF+}
rPois    .         Reflect  .   s - +0 helmet
rElec    .         Harm     .   (no cloak)
rCorr    .         Rampage  .   (no gloves)
Will     +....                  (no boots)
Stlth    ..........             B - amulet of the acrobat
HPRegen  0.26/turn              o - ring of willpower
MPRegen  0.16/turn              R - +4 ring of slaying

@: repel missiles
A: no striking features
a: Renounce Religion, Upheaval, Elemental Force


You were on level 11 of the Dungeon.
You worshipped Qazlal.
Qazlal was greatly pleased with you.
You visited 2 branches of the dungeon, and saw 12 of its levels.
You also visited: Ossuary.

You collected 2138 gold pieces.

Inventory:

Hand Weapons
 a - a +0 war axe
 b - a +1 hunting sling (weapon)
 m - a +0 broad axe
 n - the +6 rapier of Nydiriz {drain, Str+4 Dex+4 Stlth-}
   (You found it on level 11 of the Dungeon)

   A truly terrible weapon, it drains the life of those it strikes.
   It affects your strength (+4).
   It affects your dexterity (+4).
   It makes you less stealthy.
 w - a +2 vorpal flail
 S - the +4 hand axe of the Six Wonders {freeze, rF+ rC+ Int+3}
   (You found it on level 10 of the Dungeon)

   It has been specially enchanted to freeze those struck by it, causing extra
   injury to most foes and up to half again as much damage against particularly
   susceptible opponents.
   It can also slow down cold-blooded creatures.
   It affects your intelligence (+3).
   It protects you from fire.
   It protects you from cold.
Missiles
 i - 42 sling bullets (quivered ammo)
 k - 274 stones
 x - 8 poisoned darts
 y - 59 bolts
 K - 2 throwing nets
Armour
 c - a +0 kite shield (worn)
 s - a +0 helmet (worn)
 T - a +0 plate armour of fire resistance (worn)
Jewellery
 o - a ring of willpower (left hand)
 q - a ring of protection from fire
 r - a +4 ring of protection
 z - an amulet of reflection
 B - an amulet of the acrobat (around neck)
 D - a ring of resist corrosion
 F - a ring of wizardry
 M - the ring "Jidghun" {rC+ Str+5 Int+7}
   (You acquired it on level 9 of the Dungeon)

   [ring of protection from cold]

   It affects your strength (+5).
   It affects your intelligence (+7).
   It protects you from cold.
 Q - a +6 ring of strength
 R - a +4 ring of slaying (right hand)
Wands
 L - a wand of digging (3)
 P - a wand of paralysis (1)
Scrolls
 f - a scroll of amnesia
 j - 6 scrolls of teleportation
 t - 3 scrolls of immolation
 C - a scroll of noise
 G - a scroll of enchant weapon
 I - a scroll of summoning
 O - a scroll of enchant armour
Potions
 d - 2 potions of might
 e - 5 potions of curing
 g - 5 potions of brilliance
 h - 3 potions of lignification
 l - 4 potions of haste
 p - a potion of heal wounds
 u - 3 potions of attraction
 v - a potion of flight
 E - 2 potions of mutation
 J - a potion of cancellation
 N - a potion of invisibility
Miscellaneous
 H - a phial of floods


   Skills:
 - Level 9.0 Fighting
 - Level 12.0 Axes
 - Level 9.0 Armour
 - Level 5.0 Dodging
 + Level 8.2 Shields
 + Level 10.3 Invocations


You had 10 spell levels left.
You didn't know any spells.
Your spell library contained the following spells:

 Spells                   Type           Power        Failure   Level
 Magic Dart               Conj           0%           100%        1
 Shock                    Conj/Air       0%           100%        1
 Blink                    Tloc           N/A          100%        2
 Call Imp                 Summ           0%           100%        2
 Slow                     Hex            0%           100%        2
 Swiftness                Air            0%           100%        2
 Conjure Flame            Conj/Fire      0%           100%        3
 Mephitic Cloud           Conj/Pois/Air  0%           100%        3
 Static Discharge         Conj/Air       0%           100%        3
 Airstrike                Air            0%           100%        4
 Lightning Bolt           Conj/Air       0%           100%        5


Dungeon Overview and Level Annotations

Branches:
Dungeon (11/15)            Temple (1/1) D:6            Lair (0/6) D:9
Ossuary (visited)
    Orc: D:9-12

Altars:
Ashenzari
Cheibriados
Dithmenos
Elyvilon
Fedhas
Gozag
Hepliaklqana
Kikubaaqudgha
Makhleb
Nemelex Xobeh
Okawaru
Qazlal
Ru
Sif Muna
Trog
Uskayaw
Vehumet
Wu Jian
Xom
Yredelemnul
Zin
The Shining One

Shops:
D:6 :


Message History

Aiming: Paralyse
Press: ? - help, Shift-Dir - straight line, f/p - 18-headed hydra
Aim: an 18-headed hydra (heavily wounded, chance to affect: 15%)
The 18-headed hydra resists with almost no effort.
You block the 18-headed hydra's attack. The 18-headed hydra bites you!
The 18-headed hydra barely misses you. The 18-headed hydra bites you!
You block the 18-headed hydra's attack.
The 18-headed hydra bites you but does no damage.
The 18-headed hydra closely misses you. You block the 18-headed hydra's attack.
The 18-headed hydra bites you but does no damage. x2
The 18-headed hydra bites you!
* * * LOW HITPOINT WARNING * * *
You block the 18-headed hydra's attack.
The 18-headed hydra bites you but does no damage.
The 18-headed hydra barely misses you. The 18-headed hydra bites you.
* * * LOW HITPOINT WARNING * * *
The 18-headed hydra bites you but does no damage. x2
The 18-headed hydra closely misses you.
As you read the scroll of fear, it crumbles to dust.
You assume a fearsome visage.
The 18-headed hydra looks frightened!
b - a +1 hunting sling (weapon)
Aiming: Paralyse
Press: ? - help, Shift-Dir - straight line, f/p - 18-headed hydra
Aim: an 18-headed hydra (heavily wounded, fleeing, chance to affect: 15%)
Your attack snaps the 18-headed hydra out of its fear.
The 18-headed hydra resists with almost no effort.
Aiming: Paralyse
Press: ? - help, Shift-Dir - straight line, f/p - 18-headed hydra
Aim: an 18-headed hydra (heavily wounded, chance to affect: 15%)
The 18-headed hydra resists with almost no effort.
The 18-headed hydra bites you but does no damage.
You block the 18-headed hydra's attack. The 18-headed hydra bites you!
* * * LOW HITPOINT WARNING * * *
The 18-headed hydra closely misses you.
The 18-headed hydra bites you but does no damage. x2
The 18-headed hydra bites you!
* * * LOW HITPOINT WARNING * * *
The 18-headed hydra bites you but does no damage.
The 18-headed hydra bites you!
You die...

#.............
#..........(..
##.............
#.........(....
#.......(.....
#..°.○°.....# ##
#.../†D.....# ######.#
#...@.☼...####......#
#..○.○..............#
#.☼..°°.............#
##...................#
#....................#
##...................#
#.........†.........#
#..........^.........
#...#############...#


You could see a 18-headed hydra.

Vanquished Creatures
  An unseen horror (D:10)
  Pikel (D:7)
  4 slime creatures (D:8)
  2 hornets
  23 yaks
  2 wyverns
  Sigmund (D:4)
  A basilisk (D:9)
  3 soldier ants
  Duvessa (D:5)
  8 orc warriors
  4 ice beasts
  5 sky beasts
  3 black bears
  A necrophage (D:10)
  2 ogres
  4 centaurs
  3 phantoms
  Blork the orc (D:6)
  5 bullfrogs
  2 gnoll sergeants
  Dowan (D:5)
  A scorpion (D:7)
  A howler monkey (D:6)
  2 bullfrog zombies
  A quasit (D:7)
  3 jellies
  5 hounds
  3 orc priests
  3 iguanas
  Natasha (thrice) (D:3)
  4 orc wizards
  3 worker ants
  8 mummies (Ossuary)
  3 worker ant zombies
  17 gnolls
  8 adders
  A howler monkey skeleton (D:4)
  4 shadow imps
  4 white imps
  3 ufetubi
  2 oozes
  2 worms (D:2)
  2 dart slugs (D:4)
  2 leopard geckos
  45 orcs
  7 giant cockroaches
  7 goblins
  3 hobgoblins
  14 jackals
  4 quokkas
  3 ball pythons
  6 bats
  4 frilled lizards
  A goblin skeleton (D:11)
  4 hobgoblin zombies (Ossuary)
  A jackal zombie (D:5)
  12 kobolds
  A kobold zombie (Ossuary)
  A leopard gecko skeleton (D:7)
  An orc skeleton (D:11)
  3 orc zombies (Ossuary)
  A quokka skeleton (D:6)
  9 rats
  2 rat zombies (D:7)
292 creatures vanquished.

Vanquished Creatures (others)
  5 plants
5 creatures vanquished.

Grand Total: 297 creatures vanquished

Notes
Turn   | Place    | Note
-------+----------+-------------------------------------------
     0 | D:1      | porpoise the Hill Orc Fighter began the quest for the Orb.
     0 | D:1      | Reached XP level 1. HP: 19/19 MP: 1/1
   109 | D:1      | Reached skill level 3 in Axes
   214 | D:1      | Reached XP level 2. HP: 26/27 MP: 2/2
   291 | D:1      | You fall into a shaft and drop 1 floor!
   440 | D:2      | Reached XP level 3. HP: 34/34 MP: 3/3
   699 | D:1      | Reached skill level 4 in Axes
  1111 | D:2      | Reached XP level 4. HP: 26/41 MP: 4/4
  1112 | D:2      | Reached skill level 5 in Fighting
  1839 | D:2      | Reached skill level 5 in Axes
  1847 | D:2      | Reached XP level 5. HP: 48/48 MP: 5/5
  2428 | D:3      | Found a glowing golden altar of the Shining One.
  2716 | D:3      | Found a blossoming altar of Fedhas.
  2827 | D:3      | Noticed Natasha
  2836 | D:3      | Killed Natasha
  2952 | D:3      | Found a sacrificial altar of Ru.
  2999 | D:3      | Noticed Natasha
  3017 | D:3      | Killed Natasha
  3283 | D:3      | Noticed Natasha
  3293 | D:3      | Killed Natasha
  3294 | D:3      | Reached skill level 6 in Axes
  3294 | D:3      | Reached XP level 6. HP: 45/57 MP: 6/6
  3486 | D:4      | Found a shadowy altar of Dithmenos.
  3500 | D:4      | Noticed Sigmund
  3525 | D:4      | Killed Sigmund
  3674 | D:4      | Reached skill level 7 in Axes
  3674 | D:4      | Reached XP level 7. HP: 49/66 MP: 7/7
  4475 | D:5      | Entered Level 5 of the Dungeon
  4495 | D:5      | Noticed Dowan
  4497 | D:5      | Noticed Duvessa
  4504 | D:5      | Reached skill level 8 in Axes
  4512 | D:5      | Killed Dowan
  4523 | D:5      | Killed Duvessa
  4524 | D:5      | Reached skill level 9 in Axes
  4524 | D:5      | Reached skill level 5 in Armour
  4524 | D:5      | Reached XP level 8. HP: 35/73 MP: 8/8
  4698 | D:5      | Found a white marble altar of Elyvilon.
  4941 | D:5      | Reached skill level 1 in Dodging
  5312 | D:6      | Found a radiant altar of Vehumet.
  5319 | D:6      | Found a snail-covered altar of Cheibriados.
  5328 | D:6      | Found a glowing silver altar of Zin.
  5329 | D:6      | Found an ancient bone altar of Kikubaaqudgha.
  5414 | D:6      | Found Getuibex's Book Shop.
  5717 | D:6      | Found a staircase to the Ecumenical Temple.
  5765 | Temple   | Entered the Ecumenical Temple
  5966 | Temple   | Became a worshipper of Qazlal Stormbringer
  6016 | D:6      | Reached skill level 10 in Axes
  6131 | D:6      | Noticed Blork the orc
  6139 | D:6      | Killed Blork the orc
  6267 | D:6      | Found a shimmering blue altar of Sif Muna.
  6628 | D:7      | Noticed Pikel
  6646 | D:7      | Killed Pikel
  6647 | D:7      | Reached XP level 9. HP: 79/79 MP: 8/12
  6647 | D:7      | Found a sand-covered staircase.
  6684 | Ossuary  | Entered an ossuary
  6767 | Ossuary  | Reached * piety under Qazlal
  6879 | Ossuary  | Reached skill level 5 in Invocations
  7195 | D:7      | Reached skill level 5 in Dodging
  7332 | D:7      | Found a sparkling altar of Nemelex Xobeh.
  7823 | D:7      | Found a broken altar of Ashenzari.
  7987 | D:7      | Reached skill level 5 in Shields
  8309 | D:8      | Reached XP level 10. HP: 41/86 MP: 15/15
  8524 | D:8      | Reached skill level 11 in Axes
  8617 | D:8      | Reached ** piety under Qazlal
  9362 | D:8      | Reached *** piety under Qazlal
  9571 | D:8      | Reached skill level 12 in Axes
 10066 | D:9      | Found a staircase to the Lair.
 10107 | D:9      | Identified a scroll of acquirement
 10108 | D:9      | Acquired the ring "Jidghun" {rC+ Str+5 Int+7}
 10190 | D:9      | Paralysed by a hornet for 2 turns
 10425 | D:9      | Acquired 1109 gold pieces
 10606 | D:10     | Entered Level 10 of the Dungeon
 10827 | D:10     | Reached XP level 11. HP: 78/97 MP: 16/16
 10973 | D:10     | Identified the +4 hand axe of the Six Wonders {freeze, rF+
                  | rC+ Int+3}
 11110 | D:10     | Found a blossoming altar of Fedhas.
 11204 | D:10     | Reached **** piety under Qazlal
 11289 | D:10     | Killed an unseen horror
 12375 | D:11     | Identified the +6 rapier of Nydiriz {drain, Str+4 Dex+4
                  | Stlth-}
 12439 | D:11     | Reached skill level 10 in Invocations
 12636 | D:11     | Noticed an eight-headed hydra
 12658 | D:11     | HP: 2/97 [18-headed hydra (11)]
 12658 | D:11     | Mangled by an 18-headed hydra

Illustrated notes

Levels and vault maps discovered:
D:1:      nicolae_arrival_memento_mori, layout_loops_ring, minmay_circled_x
D:2:      layout_loops_corners, serial_glass, glass_columns_a, glass_columns_a
D:3:      layout_loops_ring, lemuel_doored_altar, tso_metal_star, serial_rivers,
          chequers_serial_rivers_large_a, chequers_serial_rivers_micro_e,
          chequers_serial_rivers_micro_d, chequers_serial_rivers_room_b,
          chequers_serial_rivers_micro_c, kennysheep_big_empty_room,
          nicolae_ru_the_path_less_chosen, uniq_natasha
D:4:      layout_loops_ring, grunt_dithmenos_smoke_and_mirrors,
          uniq_crazy_yiuf_cottage, uniq_sigmund
D:5:      layout_basic, old_standard_altar, uniq_duvessa
D:6:      layout_basic, minitemple, minmay_temple_entry_glassed_door,
          basic_altar, serial_shops, nicolae_shop_window_shopping,
          minmay_misc_feat_more_columns, nicolae_sextant, uniq_blork_the_orc
D:7:      layout_basic, ashenzari_conservatory_becter, enter_ossuary_4,
          ebering_dispersal_statue_hall, nemelex_diamond_rough_becter,
          uniq_pikel
D:8:      layout_basic, special_room [special_room_orc]
D:9:      layout_rooms, david_lair_generic, chequers_serial_rivers_room_a,
          minivault_26
D:10:     layout_basic, fedhas_altar_1
D:11:     layout_cave_pods, zombieorc1_lemuel, serial_shops, shop, basic_altar
Temple:   nicolae_temple_figure_eight

Skill      XL: |  1  2  3  4  5  6  7  8  9 10 11 |
---------------+----------------------------------+-----
Axes           | 3 4 5 6 7 9 10 12 | 12.0
Fighting       | 4 5 6 7 9 |  9.0
Armour         | 5 6 9 |  9.0
Dodging        | 4 5 |  5.0
Invocations    | 4 7 10 | 10.3
Shields        | 5 8 |  8.2

Action                   |  1- 3 |  4- 6 |  7- 9 | 10-12 || total
-------------------------+-------+-------+-------+-------++-------
Melee: War axe           |   112 |   183 |   272 |   365 ||   932
 Fire: Hunting sling     |       |    20 |   138 |    90 ||   248
Throw: Dart              |       |       |     2 |     2 ||     4
Evoke: Wand              |       |       |       |     5 ||     5
  Use: Scroll            |       |     6 |    11 |     9 ||    26
       Potion            |       |     1 |     1 |     1 ||     3
 Stab: Paralysed         |       |       |       |     9 ||     9
Armor: Scale mail        |    49 |     7 |       |       ||    56
       Chain mail        |       |    85 |   159 |    68 ||   312
       Plate armour      |       |       |       |   106 ||   106
Dodge: Dodged            |    42 |    42 |    65 |   101 ||   250
Block: Kite shield       |    45 |    83 |   149 |   282 ||   559

Table legend: (Time is in decaauts)
 A = Elapsed time spent in this place.
 B = Non-inter-level travel time spent in this place.
 C = Inter-level travel time spent in this place.
 D = Time resting spent in this place.
 E = Time spent auto-exploring this place.
 F = Levels seen in this place.
 G = Mean time per level.
                   A        B        C        D        E       F      G
               +--------+--------+--------+--------+--------+-----+--------+
         Total |  12962 |  12505 |    457 |   3002 |   6608 |  13 |  997.1 |
       Dungeon |  12349 |  11912 |    437 |   2981 |   6373 |  11 | 1122.6 |
        Temple |    221 |    201 |     20 |      0 |    189 |   1 |  221.0 |
       Ossuary |    391 |    391 |      0 |     21 |     46 |   1 |  391.0 |
               +--------+--------+--------+--------+--------+-----+--------+

Top non-repeatable levels by time:
    D:10: 1653 daAuts
     D:7: 1554 daAuts
     D:3: 1326 daAuts
     D:2: 1316 daAuts
     D:8: 1234 daAuts
     D:6: 1135 daAuts
     D:4: 1050 daAuts
     D:1: 953 daAuts
     D:9: 894 daAuts
     D:5: 822 daAuts
    D:11: 406 daAuts
 Ossuary: 391 daAuts
  Temple: 221 daAuts
